 Dungeon Crawl Stone Soup version 0.29.0-11-gd7f09526c8 (webtiles) character file.

Game seed: 13606985193712397085

1103 SensoryNuts the Chopper (level 8, -1/90 HPs)
             Began as a Demonspawn Fighter on Sept 6, 2022.
             Killed from afar by an electric eel (8 damage)
             ... with a bolt of electricity
             ... on level 6 of the Dungeon.
             The game lasted 00:05:03 (4721 turns).

SensoryNuts the Chopper (Demonspawn Fighter)        Turns: 4721, Time: 00:05:05

Health: -1/90      AC:  8    Str: 19    XL:     8   Next: 10%
Magic:  8/8        EV: 10    Int: 10    God:
Gold:   251        SH: 18    Dex: 12    Spells: 7/7 levels left

rFire   . . .      SeeInvis .   v - +0 broad axe
rCold   . . .      Faith    .   m - +0 tower shield
rNeg    . . .      Spirit   .   b - +0 scale mail
rPois   +          Reflect  +   (no helmet)
rElec   .          Harm     .   u - +0 cloak
rCorr   +          Rampage  .   (no gloves)
Will    .....                   (no boots)
Stlth   ..........              g - amulet of reflection
HPRegen 0.25/turn               k - ring of Riotiar {rPois rCorr Slay+3}
MPRegen 0.11/turn               c - +4 ring of evasion

@: berserking, very quick
A: spiny 2, demonic touch 2
a: no special abilities


You were on level 6 of the Dungeon.
You visited 1 branch of the dungeon, and saw 6 of its levels.

You collected 309 gold pieces.
You spent 58 gold pieces at shops.

Inventory:

Hand Weapons
 v - a +0 broad axe (weapon)
Armour
 b - a +0 scale mail (worn)
 m - a +0 tower shield (worn)
 u - a +0 cloak (worn)
Jewellery
 c - a +4 ring of evasion (right hand)
 g - an amulet of reflection (around neck)
 j - a ring of resist corrosion
 k - the ring of Riotiar (left hand) {rPois rCorr Slay+3}
   (You found it on level 2 of the Dungeon)

   [ring of poison resistance]

   Slay:      It affects your accuracy & damage with ranged weapons and melee
   (+3).
   rPois:     It protects you from poison.
   rCorr:     It protects you from acid and corrosion.
Wands
 n - a wand of flame (34)
 t - a wand of polymorph (7)
Scrolls
 d - 3 scrolls of butterflies
 e - 2 scrolls of vulnerability
 f - 3 scrolls of immolation
 h - 5 scrolls of teleportation
 p - a scroll of identify
 s - a scroll of blinking
Potions
 i - 2 potions of brilliance
 o - a potion of attraction
 q - a potion of magic


   Skills:
 + Level 4.2 Fighting
 * Level 6.3 Axes
 + Level 4.0 Armour
 + Level 1.1 Dodging
 + Level 0.3 Stealth
 * Level 5.0 Shields


You had 7 spell levels left.
You didn't know any spells.
Your spell library contained the following spells:

 Spells                   Type           Power      Damage    Failure   Level
 Sandblast                Erth           0%         2d4       100%        1
 Passwall                 Tmut/Erth      0%         N/A       100%        2
 Ignite Poison            Fire/Tmut/Pois 0%         N/A       100%        3
 Mephitic Cloud           Conj/Pois/Air  0%         N/A       100%        3
 Stone Arrow              Conj/Erth      0%         3d7       100%        3
 Tukima's Dance           Hex            0%         N/A       100%        3
 Passage of Golubria      Tloc           0%         N/A       100%        4
 Freezing Cloud           Conj/Ice/Air   0%         6-21      100%        5
 Yara's Violent Unravell  Hex/Tmut       0%         3d3       100%        5


Dungeon Overview and Level Annotations

Branches:
Dungeon (6/15)             Temple (0/1) D:6

Altars:
Sif Muna

Shops:
D:2 [

Annotations:
D:3 1 runed translucent door, Crazy Yiuf


Innate Abilities, Weirdness & Mutations

You are mostly covered in sharp spines.
Your touch may inflict irresistible damage on your foes.


Message History

You are too injured to fight recklessly!
You are too injured to fight recklessly!
You are too injured to fight recklessly!
You are too injured to fight recklessly!
You are too injured to fight recklessly!
You are too injured to fight recklessly!
You are too injured to fight recklessly!
You are too injured to fight recklessly!
You are too injured to fight recklessly!
You are too injured to fight recklessly!
You are too injured to fight recklessly!
You are too injured to fight recklessly!
You are too injured to fight recklessly!
You are too injured to fight recklessly!
You are too injured to fight recklessly!
You are too injured to fight recklessly!
You are too injured to fight recklessly!
You are too injured to fight recklessly!
You are too injured to fight recklessly!
You are too injured to fight recklessly!
You are too injured to fight recklessly!
Unknown command.
The electric eel shoots out a bolt of lightning at you!
The bolt of electricity hits you!
* * * LOW HITPOINT WARNING * * *
You feel much better.
The electric eel shoots out a bolt of lightning at you!
The bolt of electricity hits you! x2
* * * LOW HITPOINT WARNING * * *
Unknown command.
Okay, then.
Okay, then.
It was a potion of berserk rage.
A red film seems to cover your vision as you go berserk!
You feel yourself moving faster!
You feel mighty!
The electric eel shoots out a bolt of lightning at you!
The bolt of electricity hits you!
* * * LOW HITPOINT WARNING * * *
The bolt of electricity hits you!
You die...

..##.##.....###
.###.##..#..... ##
#...........
###.####++####
####..##~~~..~~~##
.....##~~......~~##
....##~~........~~##
...##~~..........S~##
..##~~..........@.~~#
..#~~............).~~#
..#~................~#
..#~......8..8......~#
..#~................~#
..#~................~#
..#~......8..8......~#
..#~................~#
..#~~..............


You could see an electric eel.

Vanquished Creatures
  2 sky beasts (D:6)
  An orc warrior (D:6)
  A black bear (D:5)
  2 necrophages
  A scorpion (D:5)
  A howler monkey (D:5)
  3 hounds (D:5)
  An orc priest (D:3)
  Terence (D:2)
  3 iguanas
  5 orc wizards
  8 adders
  A shadow imp (D:5)
  A worm (D:2)
  A dart slug (D:2)
  12 orcs
  6 bats
  6 endoplasms
  2 giant cockroaches
  10 goblins
  6 hobgoblins
  A jackal (D:2)
  5 quokkas
  2 ball pythons
  3 frilled lizards
  3 kobolds
  8 rats
96 creatures vanquished.

Notes
Turn   | Place    | Note
-------+----------+-------------------------------------------
     0 | D:1      | SensoryNuts the Demonspawn Fighter began the quest for the
                  | Orb.
     0 | D:1      | Reached XP level 1. HP: 18/18 MP: 1/1
   214 | D:1      | Reached skill level 2 in Axes
   215 | D:1      | Gained mutation: Your touch may inflict minor irresistible
                  | damage on your foes. [demonic ancestry]
   215 | D:1      | Reached XP level 2. HP: 24/24 MP: 2/2
   286 | D:1      | Found a faded altar of an unknown god.
   851 | D:2      | Found Aqaucl Inua's Armour Shoppe.
  1165 | D:2      | Noticed Terence
  1167 | D:2      | Reached XP level 3. HP: 29/29 MP: 3/3
  1172 | D:2      | Killed Terence
  1308 | D:2      | Identified the ring of Riotiar {rPois rCorr Slay+3}
  1312 | D:2      | Gained mutation: Your touch may inflict irresistible damage
                  | on your foes. [demonic ancestry]
  1312 | D:2      | Reached XP level 4. HP: 35/35 MP: 4/4
  1425 | D:2      | Reached skill level 3 in Axes
  1447 | D:2      | Bought a +0 tower shield for 58 gold pieces
  1835 | D:3      | Found a runed translucent door.
  1836 | D:3      | Noticed Crazy Yiuf
  2041 | D:3      | Found a shimmering blue altar of Sif Muna.
  2627 | D:3      | Reached XP level 5. HP: 37/41 MP: 5/5
  3134 | D:4      | Reached skill level 4 in Axes
  3370 | D:4      | Reached XP level 6. HP: 47/47 MP: 6/6
  3793 | D:5      | Entered Level 5 of the Dungeon
  3965 | D:5      | Gained mutation: You are partially covered in sharp spines.
                  | [demonic ancestry]
  3965 | D:5      | Reached XP level 7. HP: 45/53 MP: 7/7
  4043 | D:5      | Reached skill level 5 in Axes
  4397 | D:6      | Reached skill level 1 in Dodging
  4402 | D:6      | Reached skill level 6 in Axes
  4402 | D:6      | Reached skill level 5 in Shields
  4411 | D:6      | Gained mutation: You are mostly covered in sharp spines.
                  | [demonic ancestry]
  4411 | D:6      | Reached XP level 8. HP: 33/60 MP: 8/8
  4571 | D:6      | Found a staircase to the Ecumenical Temple.
  4721 | D:6      | Killed from afar by an electric eel

Illustrated notes

Levels and vault maps discovered:
D:1:      moated_graveyard_arrival, layout_rooms,
          dilly_ecumenical_altar_fadedgnrine, solitary_fountain
D:2:      layout_loops_ring, serial_shops, shop, st_stairs_10, uniq_terence
D:3:      layout_loops_ring, mainiacjoe_overflow_six_doors_small,
          uniq_crazy_yiuf_cottage
D:4:      layout_gridville
D:5:      layout_gridville
D:6:      layout_rooms, minmay_temple_entry_sparse_star,
          hangedman_decor_slide_cut, kennysheep_cross_room,
          kennysheep_generic_room_6, uniq_edmund

Skill      XL: |  1  2  3  4  5  6  7  8 |
---------------+-------------------------+-----
Axes           | 2 3 4 6 |  6.3
Armour         | 3 4 |  4.0
Shields        | 3 4 5 |  5.0
Fighting       | 4 |  4.2
Dodging        | 1 |  1.1
Stealth        | |  0.3

Action                   |  1- 3 |  4- 6 |  7- 9 || total
-------------------------+-------+-------+-------++-------
Melee: War axe           |    81 |   143 |    34 ||   258
       Touch             |    11 |     3 |       ||    14
       Punch             |     1 |       |       ||     1
       Broad axe         |       |       |     6 ||     6
  Use: Scroll            |     3 |     6 |     2 ||    11
       Potion            |     1 |       |     2 ||     3
Armor: Scale mail        |    41 |    52 |    11 ||   104
Dodge: Dodged            |    37 |    33 |    11 ||    81
Block: Buckler           |     7 |       |       ||     7
       Other             |    10 |     4 |       ||    14
       Reflection        |     1 |     1 |       ||     2
       Tower shield      |       |   134 |    42 ||   176
